 Dungeon Crawl Stone Soup version 0.20.1-1-g8b1a95d (webtiles) character file.

39 troglodite the Skirmisher (level 3, -2/29 HPs)
             Began as a Demonspawn Berserker on Dec 21, 2017.
             Was a Believer of Trog.
             Slain by a worm (10 damage)
             ... on level 2 of the Dungeon.
             The game lasted 00:04:26 (1407 turns).

troglodite the Skirmisher (Demonspawn Berserker)    Turns: 1407, Time: 00:04:26

Health: -2/29      AC:  5    Str: 17    XL:     3   Next: 26%
Magic:  12/12      EV: 11    Int:  8    God:    Trog [**....]
Gold:   122        SH:  0    Dex: 15    Spells: 2/2 levels left

rFire    . . .     SeeInvis .   a - +0 falchion
rCold    . . .     Gourm    .   (no shield)
rNeg     . . .     Faith    .   j - +0 ring mail
rPois    .         Spirit   .   (no helmet)
rElec    .         Reflect  .   (no cloak)
rCorr    .         Harm     .   (no gloves)
MR       .....                  (no boots)
Stlth    +.........             (no amulet)
Regen    0.1/turn               o - ring of magical power
MPRegen  0.2/turn               n - +2 ring of dexterity

@: no status effects
A: powered by pain 1
a: Berserk, Trog's Hand, Burn Spellbooks, Renounce Religion


You were on level 2 of the Dungeon.
You worshipped Trog.
Trog was pleased with you.
You were not hungry.

You visited 1 branch of the dungeon, and saw 2 of its levels.

You collected 122 gold pieces.

Inventory:

Hand Weapons
 a - a +0 falchion (weapon)
Armour
 j - a +0 ring mail (worn)
Jewellery
 n - a +2 ring of dexterity (right hand)
 o - a ring of magical power (left hand)
Scrolls
 b - a scroll of enchant armour {unknown}
 e - 3 scrolls of teleportation {unknown}
 i - 3 scrolls of fear {unknown}
 k - a scroll of amnesia {unknown}
Potions
 d - 2 potions of heal wounds {unknown}
 f - a potion of brilliance {unknown}
 l - 2 potions of haste {unknown}
 m - a potion of berserk rage {unknown}
 p - a potion of invisibility {unknown}
Comestibles
 c - 3 bread rations
 g - 3 chunks of flesh
 h - a meat ration


   Skills:
 * Level 3.4 Fighting
 + Level 3.1 Long Blades
 * Level 2.2 Armour
 * Level 2.1 Dodging


You had 2 spell levels left.
You didn't know any spells.

Dungeon Overview and Level Annotations

Branches:
Dungeon (2/15)

Altars:


Innate Abilities, Weirdness & Mutations

You sometimes gain a little power by taking damage.


Message History

You open the door.
A worm comes into view.
There is an open door here.
The worm bites you.
You hit the worm.
The worm is moderately wounded.
The worm bites you!
You slash the worm!
The worm is severely wounded.
The worm bites you.
* * * LOW HITPOINT WARNING * * *
You hit the worm.
The worm is severely wounded.
The worm closely misses you.
You hit the worm.
The worm is severely wounded.
You hit the worm.
The worm is severely wounded.
The worm bites you!
You die...

. # #.###.#.#....##...
#.#.#.##....#....)..#.
.#.#.##.......#.##.#.
....##...##..#.#....
#.#..#......)..#....
#####.#..#...##..#.+.... ...+
.........'.......#.#.... ...#
#####.#..#.≈.≈...#......
...##.#........w@.#≈.≈.≈..###....
...##.#.######.##..#...#..# #....
...##.#.#.. ... ...#.≈.#..###....
...##.#.#.#### ...#...#....#....
...##...... ....#.≈.#..#.#...[
......#.# ....# ..#.........
.#....#.############ #.##.#....
.+.................# #.........
.#....#.#####..)...# #.##.#....


You could see a worm.

Vanquished Creatures
  2 dart slugs
  A ball python (D:1)
  5 bats (D:1)
  A giant cockroach (D:1)
  5 goblins (D:1)
  5 hobgoblins
  2 kobolds
  A quokka (D:2)
  4 frilled lizards
  7 rats
33 creatures vanquished.

Notes
Turn   | Place    | Note
-------+----------+-------------------------------------------
     0 | D:1      | troglodite the Demonspawn Berserker began the quest for the Orb.
     0 | D:1      | Reached XP level 1. HP: 18/18 MP: 1/1
   166 | D:1      | Gained mutation: You sometimes gain a little power by taking damage. [demonic ancestry]
   166 | D:1      | Reached XP level 2. HP: 14/24 MP: 2/2
   971 | D:2      | Reached XP level 3. HP: 29/29 MP: 3/3
  1309 | D:2      | Reached ** piety under Trog
  1407 | D:2      | Slain by a worm

Skill      XL: |  1  2 |
---------------+-------+-----
Armour         | 2 |  2.2
Dodging        | 2 |  2.1
Long Blades    | 3 |  3.1
Fighting       | |  3.4

Action                   || total
-------------------------++-------
Melee: Falchion          ||   106
  Eat: Chunk             ||     2
Armor: Animal skin       ||    12
       Ring mail         ||    24
Dodge: Dodged            ||    73
       Rpst.: Falchion   ||    23
